 Dungeon Crawl Stone Soup version 0.19.3-1-g3169bf9 (console) character file.

74 Kloppie the Chopper (level 4, -4/30 HPs)
             Began as a Halfling Berserker on Jan 23, 2017.
             Was a Follower of Trog.
             Slain by Grinder (6 damage)
             ... on level 3 of the Dungeon.
             The game lasted 00:03:06 (2004 turns).

Kloppie the Chopper (Halfling Berserker)            Turns: 2004, Time: 00:03:06

Health: -4/30      AC:  9    Str: 15 (18) XL:     4   Next: 52%
Magic:  4/4        EV:  9    Int:  4 (5)  God:    Trog [*.....]
Gold:   122        SH:  0    Dex: 12 (14) Spells: 0 memorised, 3 levels left

rFire  . . .     SeeInvis .     a - +1 hand axe
rCold  . . .     Gourm    .     f - +0 chain mail
rNeg   . . .     Faith    .     (shield restricted)
rPois  .         Spirit   .     k - +0 hat
rElec  .         Reflect  .     (no cloak)
rCorr  .         Harm     .     (no gloves)
MR     .....                    (no boots)
Stlth  ..........               (no amulet)
                                (no ring)
                                e - ring of stealth

@: exhausted, slowed, very slow
A: mutation resistance 1
a: Berserk, Burn Spellbooks, Renounce Religion


You were on level 3 of the Dungeon.
You worshipped Trog.
Trog was aware of your devotion.
You were hungry.

You visited 1 branch of the dungeon, and saw 3 of its levels.

You collected 122 gold pieces.

Inventory:

Hand Weapons
 a - a +1 hand axe (weapon)
Armour
 f - a +0 chain mail (worn)
 k - a +0 hat (worn)
Jewellery
 e - a ring of stealth (left hand)
Scrolls
 d - a scroll of blinking
 h - a scroll of fear {unknown}
 i - 2 scrolls of identify
 m - a scroll of remove curse
Potions
 j - a potion of cure mutation {unknown}
Comestibles
 c - 2 bread rations


   Skills:
 - Level 2.9 Fighting
 + Level 4.1 Axes
 + Level 3.4 Armour
 - Level 2.1 Dodging


You had 3 spell levels left.
You didn't know any spells.

Dungeon Overview and Level Annotations

Branches:
Dungeon (3/15)

Altars:
Nemelex Xobeh

Annotations:
D:3 Grinder


Innate Abilities, Weirdness & Mutations

You are small and have problems with some larger weapons.
You are somewhat resistant to further mutation.


Message History

You hit Grinder but do no damage.
Grinder is severely wounded.
Grinder hits you.
Grinder blinks!
Okay, then.
Eat a chunk of flesh? (ye/n/q)
You start eating the chunk of flesh.
This raw flesh tastes terrible.
You are feeling hungry.
Okay, then.
Grinder closely misses you. Grinder hits you.
* * * LOW HITPOINT WARNING * * *
You hit Grinder.
Grinder is almost dead.
Grinder gestures at you. Pain shoots through your body!
* * * LOW HITPOINT WARNING * * *
Your chain mail prevents you from hitting Grinder.
Grinder is almost dead.
Grinder hits you but does no damage. Grinder hits you.
You die...

.... .... ###..####
....... .....
######...####.#
......5........
###########@.####.
...................
###########............#
..#....................#
#.#.######...####...##.#
#...######...# ...# #
#...##.<##...# ...#
#...#...##...# ....#
#...#(.###...# #..#


You could see Grinder.

Vanquished Creatures
  2 adders (D:2)
  An ooze (D:1)
  2 worms
  3 dart slugs
  A leopard gecko (D:2)
  4 giant cockroaches
  3 goblins
  3 hobgoblins (D:1)
  7 kobolds
  2 quokkas
  2 bats
  A frilled lizard (D:1)
  7 rats
38 creatures vanquished.

Notes
Turn   | Place    | Note
-------+----------+-------------------------------------------
     0 | D:1      | Kloppie the Halfling Berserker began the quest for the Orb.
     0 | D:1      | Reached XP level 1. HP: 15/15 MP: 1/1
   339 | D:1      | Reached XP level 2. HP: 17/20 MP: 2/2
   694 | D:1      | Reached XP level 3. HP: 23/25 MP: 3/3
  1180 | D:2      | Reached ** piety under Trog
  1212 | D:2      | Found a sparkling altar of Nemelex Xobeh.
  1540 | D:2      | Reached XP level 4. HP: 28/30 MP: 4/4
  1685 | D:2      | Reached skill level 4 in Axes
  1864 | D:2      | Found a faded altar of an unknown god.
  1962 | D:3      | Noticed Grinder
  2003 | D:3      | HP: 1/30 [Grinder/nerve-wracking pain (14)]
  2004 | D:3      | Slain by Grinder

Skill      XL: |  1  2  3  4 |
---------------+-------------+-----
Armour         | 3 |  3.4
Axes           | 4 |  4.1
Fighting       | |  2.9
Dodging        | |  2.1

Action                   |  1- 3 |  4- 6 || total
-------------------------+-------+-------++-------
Melee: Hand axe          |    80 |    63 ||   143
Invok: Berserk           |     3 |     1 ||     4
       Trog's Hand       |       |     2 ||     2
  Use: Potion            |     5 |     3 ||     8
       Scroll            |     5 |       ||     5
  Eat: Chunk             |     5 |     2 ||     7
Armor: Animal skin       |     2 |       ||     2
       Chain mail        |    35 |    35 ||    70
Dodge: Dodged            |    49 |    27 ||    76
